Map: Romanticide LE

Players

AGOElazer (Elazer)

  • Race: Zerg Zerg
  • League: Grandmaster

HeroMarine - Winner!

  • Race: Terran Terran
  • League: Master

Event: DreamHack SC2 Masters 2021 Summer

VOD

Have the link to the VOD?

Description

Time

  • Played on: June 5, 2021, 9:43 a.m.
  • Length: 12:42

All games in this series

Show
View Real Time Build Order
Export as new Build Order

AGOElazer Zerg 

Build Orders: Hatch First, Lurkers 

Get SALT Encoding   

  12  0:00  Drone  
  13  0:12  Overlord  
  13  0:17  Drone  
  14  0:31  Drone x2  
  16  0:47  Hatchery  
  15  0:50  Drone  
  15  0:54  Drone  
  17  0:57  Drone  
  18  1:08  Extractor  
  17  1:13  Spawning Pool  
  17  1:16  Drone  
  17  1:19  Drone  
  18  1:28  Drone  
  19  1:38  Drone  
  20  1:49  Drone  
  21  1:59  Queen x2  
  21  2:00  Zergling x4  
  27  2:10  Overlord, Drone  
  28  2:24  Hatchery  
  28  2:25  Drone  
  28  2:31  Drone x2  
  28  2:32  Drone  
  31  2:39  Metabolic Boost  
  31  2:44  Queen  
  33  2:51  Overlord  
  33  2:52  Drone  
  33  2:55  Drone  
  33  2:56  Drone  
  36  3:10  Drone x5  
  41  3:15  Overlord  
  41  3:17  Queen  
  43  3:22  Drone  
  44  3:32  Queen  
  46  3:35  Drone  
  46  3:36  Drone x3  
  46  3:37  Queen  
  52  3:46  Zergling x8  
  52  3:47  Overlord  
  56  3:55  Queen  
  58  4:00  Overlord  
  58  4:06  Drone x5  
  63  4:11  Overlord  
  63  4:13  Drone x2  
  65  4:19  Queen  
  65  4:22  Drone x5  
  72  4:26  Lair  
  72  4:27  Overlord  
  72  4:29  Drone  
  72  4:33  Queen  
  74  4:39  Extractor, Drone x3  
  74  4:40  Extractor  
  74  4:41  Drone x3  
  78  4:46  Overlord  
  78  4:52  Overlord  
  76  4:54  Drone x4  
  76  4:55  Baneling Nest  
  79  5:00  Extractor  
  79  5:01  Drone x2  
  79  5:05  Drone x2  
  79  5:06  Drone x2  
  84  5:11  Queen  
  84  5:13  Hatchery  
  85  5:17  Drone x2  
  85  5:18  Evolution Chamber  
  85  5:19  Evolution Chamber  
  85  5:22  Overlord  
  85  5:25  Zergling x10  
  85  5:27  Zergling x2  
  85  5:28  Zergling x2  
  92  5:37  Overlord  
  92  5:38  Zergling x4  
  92  5:41  Overlord  
  93  5:43  Overlord, Centrifical Hooks  
  93  5:45  Zerg Ground Armor Level 1  
  93  5:46  Zerg Melee Weapons Level 1  
  93  5:51  Zergling x8  
  93  5:52  Zergling x4  
  93  5:53  Zergling x2  
  100  6:01  Drone x6  
  98  6:11  Overlord  
  98  6:13  Baneling x3  
  98  6:14  Zergling x4  
  100  6:19  Zergling x10, Hatchery  
  100  6:24  Overlord  
  100  6:25  Baneling x2  
  104  6:27  Zergling x8  
  104  6:30  Overlord  
  104  6:31  Zergling x2  
  104  6:32  Zergling x4  
  109  6:37  Baneling x3  
  109  6:38  Zergling x6  
  112  6:43  Zergling x4  
  114  6:50  Zergling x4  
  114  6:52  Zergling x2  
  114  6:53  Zergling x6  
  111  6:57  Overlord  
  111  7:00  Hatchery  
  110  7:01  Zergling x4  
  110  7:05  Baneling  
  110  7:06  Baneling x9  
  110  7:07  Zergling x10  
  117  7:10  Overlord  
  117  7:12  Zergling x8  
  119  7:21  Drone x5  
  122  7:24  Drone  
  122  7:27  Drone x2  
  122  7:29  Drone  
  122  7:34  Overlord  
  122  7:35  Spore Crawler  
  121  7:40  Zergling x18  
  121  7:41  Zergling x4, Zerg Ground Armor Level 2, Zerg Melee Weapons Level 2  
  121  7:43  Baneling x8  
  132  7:46  Overlord  
  132  7:48  Zergling x8  
  135  8:02  Zergling x6, Hatchery  
  135  8:03  Zergling x4  
  138  8:07  Overseer  
  138  8:10  Overlord  
  138  8:11  Zergling x8  
  138  8:12  Zergling x12, Pneumatized Carapace  
  144  8:13  Overseer x2  
  144  8:17  Overlord  
  144  8:18  Baneling x6  
  144  8:19  Overlord  
  142  8:22  Drone x3  
  143  8:30  Zergling x12  
  146  8:37  Zergling x8  
  150  8:42  Baneling x6  
  150  8:45  Extractor, Infestation Pit  
  150  8:46  Hydralisk Den, Extractor, Drone x3  
  149  8:50  Zergling x28  
  163  8:59  Baneling x11  
  163  9:01  Zergling x10  
  167  9:09  Zergling x8  
  167  9:19  Grooved Spines  
  158  9:25  Drone x10  
  158  9:28  Drone x2  
  156  9:34  Drone  
  156  9:35  Drone  
  150  9:50  Zergling x24  
  159  9:54  Hive, Overlord  
  159  9:56  Lurker Den, Drone x8  
  159  9:58  Spore Crawler  
  165  10:00  Spore Crawler  
  165  10:05  Zerg Missile Weapons Level 1  
  164  10:10  Overlord  
  164  10:11  Baneling x7  
  164  10:12  Baneling x2  
  164  10:13  Drone x2  
  163  10:17  Extractor  
  163  10:18  Extractor, Drone x3  
  163  10:19  Drone x3  
  161  10:26  Baneling x10  
  154  10:28  Zergling x4  
  154  10:29  Zergling x26  
  154  10:32  Zergling x8  
  148  10:42  Zergling x16  
  138  10:51  Zergling x8  
  138  10:56  Zergling x8  
  130  11:01  Hydralisk  
  130  11:02  Hydralisk x4  
  127  11:07  Hydralisk x5  
  131  11:12  Zergling x2  
  131  11:13  Zergling x4  
  131  11:15  Overseer  
  127  11:19  Zergling x6  
  121  11:26  Hydralisk x2  
  121  11:27  Zergling x2  
  121  11:31  Zergling x2  
  121  11:32  Zergling x6  
  128  11:39  Baneling x4  
  130  11:40  Drone x4  
  130  11:43  Drone  
  130  11:46  Drone x3  
  135  11:53  Overlord  
  135  11:54  Zergling x8  
  134  11:58  Baneling x4  
  124  12:04  Zergling x6  
  124  12:06  Zergling x2  
  101  12:10  Zergling x4  
  101  12:14  Hydralisk x5  
  101  12:15  Zergling x10  
  100  12:34  Lurker x3  
  100  12:35  Lurker x2  
Show
View Real Time Build Order
Export as new Build Order

HeroMarine Terran - Winner!

Build Orders: Reaper Expand 

Get SALT Encoding   

  12  0:00  SCV  
  13  0:12  SCV  
  14  0:17  Supply Depot  
  14  0:24  SCV  
  15  0:38  SCV  
  15  0:40  Barracks  
  16  0:43  Refinery  
  16  0:51  SCV  
  17  1:03  SCV  
  18  1:15  SCV  
  19  1:27  Orbital Command, Reaper  
  20  1:38  Command Center  
  20  1:47  Supply Depot  
  20  1:53  SCV  
  21  1:59  Marine  
  22  2:05  SCV  
  23  2:08  Factory  
  23  2:17  SCV  
  23  2:22  Barracks Reactor  
  24  2:29  SCV  
  25  2:41  Command Center, SCV  
  26  2:51  Orbital Command  
  26  2:53  SCV  
  27  3:01  Hellion x2  
  31  3:06  Barracks  
  31  3:09  SCV  
  31  3:11  Barracks Tech Lab  
  32  3:17  SCV  
  33  3:21  SCV  
  33  3:22  Hellion  
  33  3:23  Hellion  
  38  3:29  SCV  
  38  3:30  Stimpack  
  38  3:33  Marine, SCV  
  41  3:37  Refinery  
  42  3:41  SCV  
  42  3:45  SCV  
  42  3:48  Starport  
  43  3:50  Marine  
  43  3:53  SCV  
  45  3:55  Orbital Command  
  45  3:58  SCV  
  45  3:59  Marine x2  
  48  4:03  Factory Reactor  
  48  4:05  SCV  
  48  4:08  Supply Depot, Marine  
  50  4:11  SCV  
  51  4:17  Marine x2, SCV  
  51  4:22  Refinery, SCV  
  51  4:23  SCV  
  56  4:26  Marine  
  56  4:29  SCV  
  58  4:33  Supply Depot  
  58  4:34  SCV  
  58  4:35  Marine x2, SCV  
  62  4:41  SCV  
  62  4:44  Marine  
  64  4:46  Medivac x2, SCV  
  64  4:49  SCV  
  69  4:55  Marine x2, SCV  
  69  4:56  Orbital Command  
  69  4:57  Supply Depot  
  69  4:58  Supply Depot  
  72  5:01  SCV  
  72  5:02  Marine  
  72  5:03  Refinery  
  72  5:04  Factory Reactor  
  74  5:07  SCV  
  74  5:10  Barracks  
  74  5:12  Engineering Bay  
  74  5:13  Marine x2  
  77  5:15  Combat Shield  
  77  5:17  Engineering Bay  
  77  5:18  SCV  
  77  5:19  SCV  
  79  5:22  Supply Depot, SCV  
  79  5:25  Supply Depot  
  79  5:27  Marine  
  81  5:30  Marine x2, SCV  
  81  5:31  SCV  
  81  5:35  SCV  
  86  5:42  SCV  
  87  5:43  SCV  
  87  5:46  Marine  
  87  5:47  SCV  
  87  5:48  Marine  
  91  5:54  Marine, SCV  
  91  5:56  Medivac x2, Factory Reactor, SCV  
  96  5:59  SCV  
  96  6:03  Marine  
  90  6:06  Marine, SCV  
  90  6:08  Terran Infantry Weapons Level 1, Terran Infantry Armor Level 1, SCV  
  90  6:09  Supply Depot  
  90  6:11  SCV  
  94  6:12  Marine  
  95  6:20  Barracks, Marine x2  
  95  6:21  Marine  
  95  6:22  SCV x2  
  95  6:23  SCV  
  95  6:24  Barracks, Marine  
  102  6:27  Medivac x2  
  102  6:30  Marine  
  107  6:34  Supply Depot  
  107  6:35  Supply Depot  
  107  6:38  Marine  
  108  6:41  Factory, Marine x2  
  108  6:42  Refinery, Armory  
  108  6:43  Marine  
  108  6:44  SCV  
  112  6:47  Marine, SCV  
  112  6:48  SCV  
  114  6:56  Marine, SCV  
  114  6:59  Marine x2  
  118  7:04  Widow Mine x2  
  118  7:07  Supply Depot  
  122  7:08  Sensor Tower  
  122  7:11  Marine x2  
  122  7:12  Barracks Reactor, Supply Depot  
  122  7:13  Barracks Reactor, SCV x2  
  126  7:17  SCV  
  126  7:20  Marine x3  
  129  7:28  Marine  
  129  7:29  Marine  
  126  7:31  Medivac x2, Widow Mine x2  
  126  7:34  Factory Tech Lab  
  134  7:37  Marine x2  
  134  7:38  Marine  
  134  7:41  SCV  
  134  7:42  Command Center  
  138  7:46  Marine x2  
  140  7:52  Widow Mine  
  140  7:53  Widow Mine  
  140  7:55  Marine x2  
  140  7:56  Marine  
  144  7:58  Marine x2  
  144  8:00  Marine x2  
  144  8:01  Drilling Claws  
  144  8:03  SCV  
  149  8:07  Terran Infantry Weapons Level 2, Terran Infantry Armor Level 2  
  149  8:08  Supply Depot  
  149  8:11  Marine  
  149  8:12  Marine  
  149  8:15  Marine  
  149  8:24  Supply Depot, Marine x6  
  149  8:25  Widow Mine x2  
  149  8:26  Medivac, Widow Mine, Supply Depot  
  157  8:29  Marine  
  157  8:30  Medivac  
  157  8:32  Marine  
  157  8:33  Marine  
  151  8:42  Marine x6  
  151  8:46  Barracks, Terran Vehicle And Ship Armor Level 1, Marine  
  151  8:47  Barracks  
  158  8:48  Barracks  
  158  8:50  Marine  
  158  8:51  Marine  
  158  8:52  Supply Depot  
  158  8:54  Widow Mine x2  
  166  8:55  Widow Mine  
  166  9:01  Marine  
  166  9:02  Marine  
  168  9:05  SCV x3  
  168  9:06  Marine x3  
  174  9:15  Widow Mine  
  174  9:16  Widow Mine  
  175  9:17  Marine x2, SCV  
  175  9:23  Planetary Fortress  
  173  9:25  Medivac x2, Widow Mine  
  173  9:26  Marine x2  
  173  9:30  Marine x3  
  171  9:33  Marine  
  171  9:34  Marine  
  171  9:35  Marine  
  171  9:37  Widow Mine  
  171  9:39  SCV x2  
  171  9:40  SCV  
  171  9:43  Marine  
  171  9:44  Marine  
  171  9:45  Marine  
  172  9:46  Widow Mine  
  172  9:48  Marine x3  
  172  9:52  Marine x2  
  170  9:53  Marine  
  170  9:55  Medivac x2  
  170  9:56  Widow Mine  
  170  9:58  Widow Mine  
  181  10:00  Barracks Tech Lab x3  
  181  10:01  Marine  
  181  10:02  Marine  
  181  10:03  Marine  
  181  10:06  Marine  
  185  10:08  Widow Mine  
  185  10:10  Marine x4  
  191  10:18  Widow Mine  
  191  10:20  Widow Mine, Marauder  
  197  10:21  Command Center  
  197  10:24  Marauder  
  199  10:31  Marine x2  
  199  10:34  Marauder  
  199  10:35  Marine x2  
  187  10:37  Supply Depot  
  187  10:38  Marine x2  
  187  10:39  Marine x2  
  187  10:41  Widow Mine x2  
  194  10:44  Marauder  
  194  10:49  Marine x4  
  195  10:54  Marine x2  
  195  10:56  Marauder, Marine x2  
  187  10:58  Marine x2  
  187  10:59  Medivac, Widow Mine  
  187  11:02  Widow Mine x2  
  191  11:05  Marauder  
  191  11:07  Marauder, Marine x2  
  191  11:08  Marine  
  193  11:12  Marine x2  
  193  11:14  Marine  
  193  11:15  Marine  
  193  11:17  Marine  
  195  11:20  Marauder, SCV x2  
  195  11:21  Widow Mine  
  195  11:22  SCV x2  
  195  11:23  Marine  
  195  11:24  Widow Mine x2, Marine  
  195  11:25  Marauder  
  194  11:28  Medivac  
  194  11:29  Marine  
  194  11:30  Marine  
  194  11:32  Marine x2  
  189  11:36  Marine x2  
  189  11:39  Marauder  
  193  11:42  Widow Mine  
  193  11:43  SCV x4  
  193  11:44  Marine  
  199  11:47  Factory, Marine  
  194  11:55  Marine x2  
  193  12:05  Marauder, Marine x2  
  193  12:06  SCV x4  
  162  12:09  Medivac x2, Widow Mine x2  
  162  12:14  Marine x2  
  157  12:17  Marauder, Marine x3  
  157  12:18  SCV x4  
Tags
 
Add a new tag
Caveats
  • Supply blocks, unpowered buildings, or Contaminate may cause inaccurate times.
  • Supply counts are checked every 10 seconds.